AoeStats
← pollitorampa

Lombardia

509177035Analyzed
4v4 RM · 5d ago on Sep 25, 2026· 53m 46s· 8 players
Game mode
Random Map
Map size
Large (8 player)
Population
200
Speed
Normal
Resources
Standard
Victory
Conquest
Starting age
Dark Age
Ending age
Imperial Age
RankedLock teamsTeams togetherTeam positionsShared explorationLock speedFull tech treeHidden civsTurbo modeCheats
Victory
Defeat
🇦🇷 Magyars · Argentina
1203
+13
🇦🇷 Persians · Argentina
1112
+17
🇦🇷 Mongols · Argentina
1108
+17
🇦🇷 Burmese · Argentina
1000
+21
🇩🇪 Hindustanis · Germany
1165
-19
🇨🇦 Britons · Canada
1136
-17
🇩🇪 Vietnamese · Germany
1123
-17
🇦🇺 Tatars · Australia
1089
-15
GrandMasterTitties
10:36 Loom
12:21 Feudal Age
17:09 Castle Age
15:34 Double-Bit Axe
15:31 Horse Collar
16:27 Scale Mail Armor
18:37 Bow Saw
18:31 Heavy Plow
19:10 Wheelbarrow
19:02 Squires
18:24 Pikeman
24:01 Chain Mail Armor
28:17 Hand Cart
27:47 Town Watch
28:49 Fletching
29:31 Town Patrol
29:31 Bodkin Arrow
31:48 Guard Tower
32:21 Ballistics
36:41 Imperial Age
35:38 Forging
36:56 Iron Casting
36:36 Gold Mining
36:38 Stone Mining
38:09 Plate Mail Armor
37:00 Halberdier
39:13 Conscription
39:20 Yeomen
40:58 Blast Furnace
40:45 Keep
42:04 Bracer
42:20 Masonry
41:51 Treadmill Crane
42:23 Masonry
43:51 Hoardings
46:07 Elite Longbowman
47:31 Padded Archer Armor
48:04 Architecture
48:40 Chemistry
49:03 Leather Archer Armor
52:58 Caravan
SchmirgirglBene
11:15 Feudal Age
11:42 Loom
17:24 Castle Age
15:41 Double-Bit Axe
15:49 Stone Mining
15:42 Horse Collar
20:33 Fletching
20:43 Padded Archer Armor
21:33 Bow Saw
22:52 Bodkin Arrow
28:08 Wheelbarrow
30:39 Ballistics
37:41 Imperial Age
37:58 Leather Archer Armor
38:32 Bracer
40:00 Chemistry
41:08 Ring Archer Armor
51:46 Thumb Ring
52:49 Two-Man Saw
Dany Sahne
8:32 Loom
11:46 Feudal Age
17:20 Castle Age
16:15 Double-Bit Axe
26:40 Fervor
27:12 Redemption
35:32 Light Cavalry
37:21 Wheelbarrow
36:31 Town Watch
39:45 Husbandry
44:08 Forging
43:59 Scale Mail Armor
46:57 Imperial Age
46:39 Scale Barding Armor
47:51 Iron Casting
47:55 Bow Saw
47:26 Horse Collar
47:50 Grand Trunk Road
48:40 Chain Barding Armor
48:33 Bloodlines
49:56 Heavy Camel Rider
52:24 Chain Mail Armor
53:27 Blast Furnace
elhijochiquito
11:36 Feudal Age
11:40 Loom
12:33 Double-Bit Axe
17:58 Castle Age
15:46 Horse Collar
18:25 Wheelbarrow
18:11 Gold Mining
18:12 Stone Mining
19:42 Bow Saw
22:28 Fletching
26:18 Hand Cart
26:48 Bodkin Arrow
28:08 Squires
32:49 Pikeman
38:37 Imperial Age
38:18 Silk Armor
40:24 Bracer
40:12 Heavy Cavalry Archer
42:42 Bloodlines
42:32 Husbandry
43:28 Light Cavalry
45:31 Halberdier
46:07 Hussar
47:02 Forging
46:57 Scale Barding Armor
[BoB] Leeport
7:31 Loom
10:13 Feudal Age
10:47 Double-Bit Axe
16:31 Wheelbarrow
20:31 Castle Age
18:15 Horse Collar
18:29 Gold Mining
20:41 Bloodlines
20:37 Scale Barding Armor
21:23 Husbandry
23:17 Fletching
25:43 Chain Barding Armor
34:34 Gold Shaft Mining
35:04 Town Watch
37:23 Bow Saw
37:24 Heavy Plow
39:09 Hand Cart
41:50 Bodkin Arrow
46:19 Imperial Age
45:46 Corvinian Army
46:22 Cavalier
47:39 Plate Barding Armor
47:08 Bracer
48:25 Capped Ram
48:54 Elite Magyar Huszar
49:55 Conscription
52:00 Pikeman
52:26 Arson
LucasViola27
5:42 Loom
9:33 Feudal Age
10:13 Double-Bit Axe
13:15 Horse Collar
19:42 Castle Age
19:01 Wheelbarrow
18:49 Bloodlines
20:32 Husbandry
21:12 Scale Barding Armor
22:38 Chain Barding Armor
22:28 Forging
22:38 Bow Saw
23:57 Forging
25:31 Heavy Plow
30:07 Iron Casting
29:52 Hand Cart
32:03 Hand Cart
36:57 Imperial Age
37:50 Plate Barding Armor
38:15 Blast Furnace
38:21 Blast Furnace
38:03 Cavalier
41:46 Savar
52:45 Caravan
Ludwig von Pato
10:21 Loom
12:32 Feudal Age
16:30 Castle Age
18:23 Gold Mining
18:38 Fletching
23:22 Pikeman
24:03 Squires
23:48 Arson
26:06 Wheelbarrow
28:04 Town Watch
29:40 Hand Cart
29:27 Town Patrol
29:39 Bodkin Arrow
32:08 Ballistics
36:18 Imperial Age
34:06 Forging
33:56 Scale Mail Armor
38:01 Chemistry
37:07 Siege Engineers
37:28 Halberdier
38:35 Heavy Scorpion
44:10 Iron Casting
43:50 Chain Mail Armor
54:08 Blast Furnace
53:38 Plate Mail Armor
pollitorampa
7:47 Loom
9:53 Feudal Age
13:59 Double-Bit Axe
17:42 Castle Age
18:11 Horse Collar
20:42 Bow Saw
22:34 Fletching
23:15 Bodkin Arrow
25:28 Wheelbarrow
25:51 Padded Archer Armor
27:58 Leather Archer Armor
29:12 Ballistics
30:57 Husbandry
31:08 Bloodlines
37:21 Imperial Age
35:40 Town Watch
36:13 Hand Cart
39:25 Chemistry
39:45 Conscription
39:38 Bracer
41:07 Siege Engineers
40:57 Elite Skirmisher
42:35 Elite Mangudai
Connection lost

Rejoining the realm…

Still unreachable

The connection could not be restored.

Session expired

The server has moved on; the page needs a fresh start.